 Dungeon Crawl Stone Soup version 0.27.0-1-g7a089689b8 (webtiles) character file.

Game seed: 13619096108832466848

473 freelancePsychic the Cudgeller (level 6, 0/56 HPs)
             Began as a Minotaur Chaos Knight on Aug 10, 2021.
             Was a Plaything of Xom.
             Succumbed to Ijyb's poison
             ... on level 3 of the Dungeon.
             The game lasted 00:06:16 (3483 turns).

freelancePsychic the Cudgeller (MiCK)               Turns: 3483, Time: 00:06:17

Health: 0/56       AC: 12    Str: 19    XL:     6   Next: 83%
Magic:  5/5        EV:  9    Int:  9    God:    Xom [..*...]
Gold:   179        SH:  0    Dex:  9    Spells: 5/5 levels left

rFire    . . .     SeeInvis .   c - +0 morningstar
rCold    . . .     Faith    .   (no shield)
rNeg     + . .     Spirit   .   d - +0 pearl dragon scales
rPois    .         Reflect  .   (helmet restricted)
rElec    .         Harm     .   (no cloak)
rCorr    .         Rampage  .   (no gloves)
Will     .....                  (no boots)
Stlth    ..........             (no amulet)
HPRegen  0.18/turn              (no ring)
MPRegen  0.09/turn              (no ring)

@: lethally poisoned (0 -> -1)
A: horns 2, retaliatory headbutt
a: Renounce Religion


You were on level 3 of the Dungeon.
You worshipped Xom.
You were a toy of Xom.
You visited 1 branch of the dungeon, and saw 3 of its levels.

You collected 179 gold pieces.

Inventory:

Hand Weapons
 a - a +0 mace of chaos
 c - a +0 morningstar (weapon)
Armour
 b - a +2 leather armour
 d - +0 pearl dragon scales (worn)
Jewellery
 g - a ring of willpower
Scrolls
 f - a scroll of noise


   Skills:
 + Level 5.6 Fighting
 * Level 7.1 Maces & Flails
 + Level 4.8 Armour
 - Level 1.1 Dodging


You had 5 spell levels left.
You didn't know any spells.
Your spell library contained the following spells:

 Spells                   Type           Power      Damage    Failure   Level
 Call Canine Familiar     Summ           0%         N/A       99%         3
 Portal Projectile        Hex/Tloc       0%         N/A       99%         3
 Leda's Liquefaction      Hex/Erth       0%         N/A       100%        4


Dungeon Overview and Level Annotations

Branches:
Dungeon (3/15)

Altars:
Elyvilon


Innate Abilities, Weirdness & Mutations

You have a pair of horns on your head.
You reflexively headbutt those who attack you in melee.


Message History

You are more poisoned.
You hit Ijyb but do no damage.
Ijyb is severely wounded.
You feel very sick. Ijyb hits you but does no damage.
You are lethally poisoned!
You barely miss Ijyb.
Ijyb is severely wounded.
You feel extremely sick. Ijyb barely misses you. You furiously retaliate!
You headbutt Ijyb. You puncture Ijyb!
You kill Ijyb!
* * * LOW HITPOINT WARNING * * *
You feel very sick.
You aren't carrying any potions.
You aren't carrying any potions.
You aren't carrying any potions.
As you read the scroll labelled EGOUDU JURREUBB, it crumbles to dust.
You feel strangely unstable.
It was a scroll of teleportation.
* * * LOW HITPOINT WARNING * * *
You feel very sick.
* * * LOW HITPOINT WARNING * * *
You feel very sick.
* * * LOW HITPOINT WARNING * * *
You feel sick.
Your surroundings suddenly seem different.
* * * LOW HITPOINT WARNING * * *
You feel sick.
* * * LOW HITPOINT WARNING * * *
You feel sick.
* * * LOW HITPOINT WARNING * * *
You feel sick.
* * * LOW HITPOINT WARNING * * *
You feel sick.
* * * LOW HITPOINT WARNING * * *
You feel sick.
* * * LOW HITPOINT WARNING * * *
You feel sick.
You die...
Xom roars with laughter!

..........##..#..##.###.##.##.##.
######..#.#.........###.##.##.##.
####.#.#......##......##.##.
#...#......##.#.###......
##..#..#.####.#.###.#.##.
#....##.# #..#.##..#.###
#########.#.###.###....##.#..# #
##...........###.##..........####
#......)........@.............##.
..............###.#.....^.....†..
..............# ###...........##.
..............# ##.....#######.
..............# ##.....## ##
..............# #.......#
#............## #.†.....#
##..........## #.......#
############ ##.....##


There were no monsters in sight!

Vanquished Creatures
  Grinder (D:3)
  A centaur (D:3)
  An orc priest (D:2)
  Ijyb (D:3)
  Robin (D:3)
  2 adders (D:2)
  4 gnolls
  2 worms (D:2)
  2 dart slugs
  4 orcs
  5 ball pythons
  3 bats
  4 endoplasms
  A giant cockroach (D:2)
  13 goblins
  7 hobgoblins
  2 jackals (D:1)
  3 kobolds (D:2)
  2 quokkas
  A frilled lizard (D:1)
  3 rats
63 creatures vanquished.

Vanquished Creatures (collateral kills)
  An endoplasm (D:3)
1 creature vanquished.

Grand Total: 64 creatures vanquished

Notes
Turn   | Place    | Note
-------+----------+-------------------------------------------
     0 | D:1      | freelancePsychic the Minotaur Chaos Knight began the quest
                  | for the Orb.
     0 | D:1      | Reached XP level 1. HP: 19/19 MP: 0/0
   150 | D:1      | XOM: divination: detect items
   258 | D:1      | Found a faded altar of an unknown god.
   277 | D:1      | XOM: divination: magic mapping
   279 | D:1      | Reached skill level 4 in Maces & Flails
   292 | D:1      | Reached XP level 2. HP: 27/27 MP: 1/1
   295 | D:1      | XOM: divination: detect items
  1003 | D:2      | Reached XP level 3. HP: 33/33 MP: 2/2
  1492 | D:2      | Noticed an ogre
  1505 | D:2      | XOM: divination: detect creatures
  1629 | D:3      | XOM: divination: detect items
  1645 | D:3      | Reached XP level 4. HP: 30/40 MP: 3/3
  1828 | D:2      | Reached skill level 5 in Maces & Flails
  1990 | D:3      | XOM: 1-stop teleportation journey
  1991 | D:3      | Noticed Robin
  1999 | D:3      | XOM: silly message
  2428 | D:3      | Killed Robin
  2469 | D:3      | Noticed a centaur
  2621 | D:3      | Noticed Grinder
  2625 | D:3      | Killed a centaur
  2626 | D:3      | Reached skill level 6 in Maces & Flails
  2626 | D:3      | Reached XP level 5. HP: 20/47 MP: 4/4
  2633 | D:3      | XOM: enchant monster (good)
  2807 | D:3      | Paralysed by Grinder for 3 turns
  2861 | D:3      | XOM: silly message
  2870 | D:3      | Paralysed by Grinder for 3 turns
  2873 | D:3      | Killed Grinder
  2874 | D:3      | Reached skill level 5 in Fighting
  2874 | D:3      | Reached XP level 6. HP: 27/56 MP: 5/5
  2926 | D:3      | XOM: 3-stop teleportation journey
  3033 | D:3      | XOM: 2-stop teleportation journey
  3040 | D:3      | XOM: divination: magic mapping
  3197 | D:2      | Reached skill level 7 in Maces & Flails
  3456 | D:3      | Found a white marble altar of Elyvilon.
  3463 | D:3      | Noticed Ijyb
  3473 | D:3      | Killed Ijyb
  3480 | D:3      | HP: 2/56 [poisoned by Ijyb]
  3483 | D:3      | Succumbed to Ijyb's poison

Illustrated notes

Levels and vault maps discovered:
D:1:      dpeg_arrival_leaves_temple_mockup, layout_basic,
          basic_ecumenical_altar, minmay_door_square, minmay_pentomino_v2
D:2:      layout_basic, grunt_ministairs_14, minmay_misc_feat_plants
D:3:      layout_rooms, minitemple, elyvilon_altar_5, uniq_ijyb, uniq_robin,
          uniq_grinder

Skill      XL: |  1  2  3  4  5  6 |
---------------+-------------------+-----
Maces & Flails | 4 6 7 |  7.1
Fighting       | 4 5 |  5.6
Armour         | 3 4 |  4.8
Dodging        | |  1.1

Action                   |  1- 3 |  4- 6 || total
-------------------------+-------+-------++-------
Melee: Mace              |    81 |     9 ||    90
       Headbutt          |     7 |    11 ||    18
       Morningstar       |       |    76 ||    76
  Use: Scroll            |     1 |     3 ||     4
 Stab: Paralysed         |     1 |       ||     1
Armor: Leather armour    |    20 |       ||    20
       Pearl dragon scal |    29 |    63 ||    92
Dodge: Dodged            |    51 |    55 ||   106
